AoeStats
← MagicRobin3573

Arabia

504391525Analyzed
1v1 RM · 27d ago on Sep 5, 2026· 19m 37s· 2 players
Game mode
Random Map
Map size
Tiny (2 player)
Population
200
Speed
Normal
Resources
Standard
Victory
Conquest
Starting age
Dark Age
Ending age
Imperial Age
RankedLock teamsTeams togetherTeam positionsShared explorationLock speedFull tech treeHidden civsTurbo modeCheats
Victory
Defeat
🇺🇸 Malay · United States
1541
+17
🇨🇴 Bohemians · Colombia
1564
-17
MagicRobin3573
9:37 Feudal Age
8:54 Man-at-Arms
9:26 Loom
13:34 Arson
21:19 Castle Age
MzTm | Monito Monito
8:21 Loom
10:29 Feudal Age
14:58 Castle Age
Connection lost

Rejoining the realm…

Still unreachable

The connection could not be restored.

Session expired

The server has moved on; the page needs a fresh start.